 Dungeon Crawl Stone Soup version 0.27-a0-906-g0a00ce863d (webtiles) character file.

Game seed: 14709619926510918848

22 rageheart7 the Vexing (level 2, 0/16 HPs)
             Began as a Deep Elf Arcane Marksman on Apr 6, 2021.
             Slain by a hobgoblin
             ... wielding a +0 short sword
              (5 damage)
             ... on level 2 of the Dungeon.
             The game lasted 00:02:07 (814 turns).

rageheart7 the Vexing (Deep Elf Arcane Marksman)     Turns: 814, Time: 00:02:07

Health: 0/16       AC:  2    Str:  7    XL:     2   Next: 68%
Magic:  7/7        EV: 12    Int: 23    God:
Gold:   65         SH:  0    Dex: 15    Spells: 4/5 levels left

rFire    . . .     SeeInvis .   a - +0 shortbow
rCold    . . .     Faith    .   (shield currently unavailable)
rNeg     . . .     Spirit   .   e - +0 robe
rPois    .         Reflect  .   (no helmet)
rElec    .         Harm     .   (no cloak)
rCorr    .         Rampage  .   (no gloves)
Will     .....                  (no boots)
Stlth    +.........             (no amulet)
HPRegen  0.05/turn              g - +6 ring of intelligence
MPRegen  0.10/turn              (no ring)

@: no status effects
A: no striking features
a: no special abilities


You were on level 2 of the Dungeon.
You visited 1 branch of the dungeon, and saw 2 of its levels.

You collected 65 gold pieces.

Inventory:

Hand Weapons
 a - a +0 shortbow (weapon)
 h - a +0 quarterstaff
Missiles
 d - 40 arrows (quivered ammo)
 i - 2 throwing nets
Armour
 e - a +0 robe (worn)
Jewellery
 g - a +6 ring of intelligence (left hand)
Scrolls
 b - 2 scrolls of identify {unknown}
 c - 2 scrolls of fog {unknown}
Potions
 f - a potion of attraction {unknown}


   Skills:
 * Level 1.3 Fighting
 * Level 0.4 Staves
 * Level 3.3 Bows
 - Level 2.4 Dodging
 * Level 2.3 Spellcasting
 - Level 4.0 Hexes


You had 4 spell levels left.
You knew the following spells:

 Your Spells              Type           Power      Damage    Failure   Level
a - Corona                Hex            23%        N/A       2%          1

Your spell library contained the following spells:

 Spells                   Type           Power      Damage    Failure   Level
 Slow                     Hex            21%        N/A       3%          2
 Inner Flame              Hex/Fire       11%        N/A       16%         3
 Portal Projectile        Hex/Tloc       22%        N/A       16%         3
 Cause Fear               Hex            10%        N/A       24%         4
 Leda's Liquefaction      Hex/Erth       5%         N/A       47%         4


Dungeon Overview and Level Annotations

Branches:
Dungeon (2/15)

Altars:

Shops:
D:1 [

Portals:
Abyss: D:1***


Message History

Press: ? - help, Q - select action, (/) - cycle Shift-Dir - straight line, f/p - adder
Aim: an adder (heavily wounded, softly glowing, 59% to hit)
You shoot an arrow. The arrow hits the adder!
You kill the adder!
Unknown command.
Magic restored.
A kobold comes into view. It is wielding a +0 long sword.
A kobold is nearby!
A kobold is nearby!
A kobold is nearby!
Casting: Corona (safe; 2% risk of failure)
Confirm with . or Enter, or press ? or * to list all spells.
Aiming: Corona (safe; 2% risk of failure)
Press: ? - help, Shift-Dir - straight line, f - kobold
Aim: a kobold, wielding a +0 long sword (wandering, hasn't noticed you, chance to affect: 76%)
The kobold shouts!
The kobold is outlined in light.
You hear a shout!
A hobgoblin comes into view. It is wielding a +0 short sword.
Fire: 42 arrows
Press: ? - help, Q - select action, (/) - cycle Shift-Dir - straight line, f/p - kobold
Aim: a kobold, wielding a +0 long sword (softly glowing, 70% to hit)
You shoot an arrow. The arrow completely misses the kobold.
The arrow barely misses the hobgoblin.
The hobgoblin drinks a potion.
The hobgoblin flickers and vanishes!
Deactivating autopickup; reactivate with Ctrl-A.
Fire: 41 arrows
Press: ? - help, Q - select action, (/) - cycle Shift-Dir - straight line, f/p - kobold
Aim: a kobold, wielding a +0 long sword (softly glowing, 70% to hit)
You shoot an arrow. The arrow hits the kobold!
You kill the kobold!
Unknown command.
Fire: 40 arrows
Press: ? - help, Q - select action, (/) - cycle Shift-Dir - straight line, f - you
Okay, then.
Something hits you!
Ouch! That really hurt!
* * * LOW HITPOINT WARNING * * *
Something hits you.
You die...

..........# #
..#.(......#
....#.)......#
#....<.....#
.....(..#'####
####.##.#.# #..#.#.#
##..####..#.#.#
.......@..#.#.#######
#.#...(..............
#.........#.#######
#......#....#
#(###....#..# #.
#....≈#..# (
#≈.....#.# (
#≈≈≈≈≈≈≈#.#
...##.##.(..


There were no monsters in sight!

Vanquished Creatures
  An adder (D:2)
  A bat (D:1)
  An endoplasm (D:1)
  2 goblins
  3 hobgoblins (D:1)
  A quokka (D:1)
  A frilled lizard (D:1)
  2 kobolds
12 creatures vanquished.

Notes
Turn   | Place    | Note
-------+----------+-------------------------------------------
     0 | D:1      | rageheart7 the Deep Elf Arcane Marksman began the quest for
                  | the Orb.
     0 | D:1      | Reached XP level 1. HP: 11/11 MP: 5/5
    17 | D:1      | Found Xiynne's Armour Boutique.
   292 | D:1      | Reached skill level 1 in Fighting
   345 | D:1      | Reached XP level 2. HP: 13/16 MP: 5/7
   814 | D:2      | Slain by a hobgoblin

Illustrated notes

Levels and vault maps discovered:
D:1:      minmay_arrival_glassed_features, layout_rooms, serial_shops, shop,
          st_stairs_4, minmay_tromino_v4_c
D:2:      layout_basic, serial_rivers, chequers_serial_rivers_large_b,
          chequers_serial_rivers_room_a, chequers_serial_rivers_micro_a,
          chequers_serial_rivers_small_b, chequers_serial_rivers_micro_a,
          chequers_serial_rivers_micro_e, basic_ecumenical_altar, uniq_robin

Skill      XL: |  1 |
---------------+----+-----
Fighting       | 1 |  1.3
Bows           | 3 |  3.3
Spellcasting   | 2 |  2.3
Staves         | |  0.4
Dodging        | |  2.4
Hexes          | |  4.0

Action                   || total
-------------------------++-------
 Fire: Shortbow          ||    44
 Cast: Corona            ||     8
Armor: Robe              ||     3
Dodge: Dodged            ||     8

Table legend: (Time is in decaauts)
 A = Elapsed time spent in this place.
 B = Non-inter-level travel time spent in this place.
 C = Inter-level travel time spent in this place.
 D = Time resting spent in this place.
 E = Time spent auto-exploring this place.
 F = Levels seen in this place.
 G = Mean time per level.
                   A        B        C        D        E       F      G
               +--------+--------+--------+--------+--------+-----+--------+
         Total |    819 |    800 |     19 |      0 |    707 |   2 |  409.5 |
       Dungeon |    819 |    800 |     19 |      0 |    707 |   2 |  409.5 |
               +--------+--------+--------+--------+--------+-----+--------+

Top non-repeatable levels by time:
     D:1: 667 daAuts
     D:2: 152 daAuts
